 Dungeon Crawl Stone Soup version 0.21-a0-404-g291f19a (webtiles) character file.

305 Charmandara the Twirler (level 6, -2/30 HPs)
             Began as a Spriggan Gladiator on Oct 28, 2017.
             Was a Follower of Nemelex Xobeh.
             Killed from afar by an orc wizard (8 damage)
             ... with a magic dart
             ... on level 4 of the Dungeon.
             The game lasted 00:10:12 (3112 turns).

Charmandara the Twirler (Spriggan Gladiator)        Turns: 3112, Time: 00:10:12

Health: -2/30      AC:  2    Str: 12    XL:     6   Next: 16%
Magic:  7/7        EV: 20    Int: 10    God:    Nemelex Xobeh [*.....]
Gold:   119        SH:  0    Dex: 17    Spells: 5/5 levels left

rFire    . . .     SeeInvis +   a - +0 quarterstaff
rCold    . . .     Gourm    .   (shield currently unavailable)
rNeg     . . .     Faith    .   b - +0 robe
rPois    .         Spirit   .   c - +0 hat
rElec    .         Reflect  .   (no cloak)
rCorr    .         Harm     .   (gloves unavailable)
MR       +....                  (boots unavailable)
Stlth    ++........             (no amulet)
HPRegen  0.10/turn              (no ring)
MPRegen  0.10/turn              (no ring)

@: very quick
A: unfitting armour, see invisible, herbivore 3, speed 3, slow metabolism 2
a: Renounce Religion


You were on level 4 of the Dungeon.
You worshipped Nemelex Xobeh.
Nemelex Xobeh was aware of your devotion.
You were not hungry.

You visited 1 branch of the dungeon, and saw 4 of its levels.

You collected 119 gold pieces.

Inventory:

Hand Weapons
 a - a +0 quarterstaff (weapon)
 o - a +0 mace of holy wrath
   (You found it on level 1 of the Dungeon)
 y - a +1 short sword of venom
   (You took it off a kobold on level 3 of the Dungeon)
 B - a +1 mace of protection
   (You found it on level 3 of the Dungeon)
Missiles
 d - 3 throwing nets {=f, !d}
 g - 21 sling bullets
 j - 100 stones (quivered)
 u - 85 arrows
Armour
 b - a +0 robe (worn)
 c - a +0 hat (worn)
Scrolls
 i - 2 scrolls of blinking {unknown}
 k - 3 scrolls of teleportation
 l - 2 scrolls of fear {unknown}
 m - a scroll of recharging {unknown}
 s - a scroll of magic mapping {unknown}
 t - 2 scrolls of identify {unknown}
 w - 3 scrolls of remove curse {unknown}
Potions
 e - a potion of brilliance {unknown}
 h - a potion of haste {unknown}
 n - a potion of cancellation {unknown}
 p - a potion of agility {unknown}
 q - a potion of magic {unknown}
 r - 3 potions of curing {unknown}
 v - a potion of ambrosia {unknown}
 z - a potion of mutation {unknown}
Miscellaneous
 x - a plain deck of summoning {drawn: 5}
   (Nemelex Xobeh gifted it to you on level 2 of the Dungeon)
Comestibles
 f - 2 bread rations {@e1}
 A - a fruit


   Skills:
 - Level 1.5 Fighting
 * Level 5.2 Staves
 - Level 2.0 Throwing
 - Level 4.4 Dodging


You had 5 spell levels left.
You didn't know any spells.

Dungeon Overview and Level Annotations

Branches:
Dungeon (4/15)
 Temple: D:4-7

Altars:
Nemelex Xobeh

Annotations:
D:4 Buffagor's ghost, amateur NaFi


Innate Abilities, Weirdness & Mutations

You are very small and have problems with some larger weapons.
You are too small for most types of armour.
You have supernaturally acute eyesight. (SInv)
You are a herbivore.
You cover ground extremely quickly.
You need consume almost no food.


Message History

Found an escape hatch in the floor. 2 jackals come into view.
The jackal barks!
You hear a bark!
You hear a shout!
An orc comes into view. It is wielding a short sword.
The orc shouts!
You hear a shout!
A jackal comes into view.
There are monsters nearby!
Charmandara's illusion disappears in a puff of smoke!
You closely miss the jackal. The jackal barely misses you.
The jackal misses you. The jackal completely misses you. x2
The jackal completely misses you.
You hit the jackal but do no damage. The jackal bites you.
You take 2 damage, and have 28/30 hp.
You sock the jackal!
You kill the jackal!
You hit the jackal. You miss the jackal. The jackal closely misses you.
You hit the jackal.
You kill the jackal!
The jackal pauses to sniff the ground.
The jackal bites you but does no damage.
You hit the jackal.
You kill the jackal!
You barely miss the orc. The orc barely misses you.
You hit the orc. The orc completely misses you.
You hit the orc. The orc barely misses you.
You closely miss the orc. The orc barely misses you.
You hit the orc.
You kill the orc!
You closely miss the hound. The hound closely misses you. The hound misses you.
Health restored: 30 You barely miss the hound.
The hound bites you. x2
You take 5 damage, and have 25/30 hp.
You sock the hound! The hound barely misses you.
You hit the hound. The hound misses you. The hound completely misses you.
You sock the hound!
You kill the hound!
Things that are here:
a short sword; an orc corpse; a jackal corpse You butcher the orc corpse.
Things that are here:
a short sword; 4 chunks of flesh {@w0}; a jackal corpse You butcher the jackal corpse.
A jackal skeleton comes into view.
Things that are here:
a short sword; 4 chunks of flesh {@w0}; 2 chunks of flesh {@w0} A jackal skeleton is nearby! 2 orc wizards come into view.
The orc wizard shouts!
The orc wizard moves out of view.
The jackal skeleton bites you but does no damage.
You hit the jackal skeleton. The jackal skeleton misses you.
The orc wizard points at you and mumbles some strange words.
The magic dart hits you!
An orc priest comes into view.
You take 5 damage, and have 20/30 hp.
You sock the jackal skeleton!
You destroy the jackal skeleton!
The orc wizard points at you and mumbles some strange words.
The magic dart hits you!
The orc wizard points at you and mumbles some strange words.
You resist with almost no effort.
The orc priest moves out of view.
An orc wizard comes into view. It is wielding a dagger.
The orc wizard shouts!
You take 9 damage, and have 11/30 hp.
MASSIVE DAMAGE!!
The orc wizard points at you and mumbles some strange words.
The magic dart hits you!
* * * LOW HITPOINT WARNING * * *
The orc wizard mumbles some strange words.
The orc wizard seems to speed up.
You take 5 damage, and have 6/30 hp.
Okay, then.
As you read the scroll labeled RIFANUONUSK, it crumbles to dust.
You feel strangely unstable.
It was a scroll of teleportation.
Okay, then.
Things that are here:
a short sword; 4 chunks of flesh {@w0}; 2 chunks of flesh {@w0} Your surroundings suddenly seem different.
An orc wizard comes into view. It is wielding a dagger.
The orc wizard shouts!
An orc wizard comes into view. It is wielding a dagger.
The orc wizard shouts!
An orc comes into view. It is wielding a hand axe of freezing.
The orc shouts!
Buffagor's ghost (amateur Naga Fighter) comes into view.
Buffagor's ghost turns its malevolent gaze towards you.
An orc comes into view. It is wielding a whip.
The orc shouts!
You hear an angry hiss.
Unknown command.
An adder comes into view.
The orc throws a stone.
The stone barely misses you.
You see here a stone.
The adder hisses angrily.
Okay, then.
The orc wizard gestures at you while chanting.
The magic dart hits you!
You die...
Your body glows slightly and disappears.

.........#........
########.#........
#................. .......
...##...................^...
...##......########.........
...##............##.....W...
...########.S....##......o..
..#########......##...o.....
### #...........@##.........
.. #.##..........(.....o...
.. .......#.######.........
.. ........................
.. #.....#............o..##.
.. ..#...................#
.. #.######+#......>....# ..
#........#.....#.....# .
#.........####.#.....#


You could see an orc wizard and an adder.

Vanquished Creatures
  A hound (D:4)
  A worker ant (D:4)
  A howler monkey zombie (D:2)
  An ooze (D:1)
  A worm (D:2)
  2 dart slugs
  2 leopard geckos
  3 orcs
  5 bats
  2 giant cockroaches (D:1)
  8 goblins
  5 hobgoblins
  7 jackals
  A quokka (D:4)
  A ball python (D:2)
  6 frilled lizards
  A jackal skeleton (D:4)
  7 kobolds
  8 rats
63 creatures vanquished.

Vanquished Creatures (collateral kills)
  A hungry ghost (D:3)
  Terence (D:3)
  Natasha (thrice) (D:3)
  3 gnolls (D:3)
  2 adders (D:3)
  A leopard gecko (D:3)
  3 orcs (D:3)
  2 bats (D:3)
  A goblin (D:3)
  A kobold (D:3)
18 creatures vanquished.

Grand Total: 81 creatures vanquished

Notes
Turn   | Place    | Note
-------+----------+-------------------------------------------
     0 | D:1      | Charmandara the Spriggan Gladiator began the quest for the Orb.
     0 | D:1      | Reached XP level 1. HP: 10/10 MP: 2/2
   128 | D:1      | Reached XP level 2. HP: 6/14 MP: 3/3
   601 | D:1      | Reached skill level 3 in Staves
   710 | D:1      | Reached XP level 3. HP: 13/18 MP: 4/4
  1481 | D:2      | Found a faded altar of an unknown god.
  1805 | D:2      | Reached XP level 4. HP: 22/22 MP: 5/5
  2206 | D:2      | Became a worshipper of Nemelex Xobeh the Trickster
  2206 | D:2      | Received a gift from Nemelex Xobeh
  2206 | D:2      | Reached * piety under Nemelex Xobeh
  2228 | D:3      | Noticed Natasha
  2736 | D:3      | Killed Natasha
  2736 | D:3      | Reached skill level 4 in Staves
  2784 | D:3      | Noticed Natasha
  2790 | D:3      | Killed Natasha
  2824 | D:3      | Reached XP level 5. HP: 22/25 MP: 6/6
  2832 | D:3      | Noticed a hungry ghost
  2833 | D:3      | Killed a hungry ghost
  2867 | D:3      | Noticed Natasha
  2868 | D:3      | Noticed Terence
  2876 | D:3      | Killed Natasha
  2880 | D:3      | Killed Terence
  2880 | D:3      | Reached skill level 5 in Staves
  3052 | D:4      | Reached XP level 6. HP: 30/30 MP: 7/7
  3102 | D:4      | HP: 6/30 [orc wizard/magic dart (5)]
  3108 | D:4      | Noticed Buffagor's ghost (amateur NaFi)
  3112 | D:4      | Killed from afar by an orc wizard

Vault maps used:
D:1:      dpeg_arrival_simpleton_b
D:2:      chequers_ecumenical_altar_lobes, grunt_decor_arrowhead
D:3:      first_bread, uniq_natasha, uniq_terence

Skill      XL: |  1  2  3  4  5 |
---------------+----------------+-----
Staves         | 3 4 5 |  5.2
Fighting       | |  1.5
Throwing       | |  2.0
Dodging        | |  4.4

Action                   |  1- 3 |  4- 6 || total
-------------------------+-------+-------++-------
Melee: Quarterstaff      |   152 |    69 ||   221
Throw: Stone             |     1 |       ||     1
Evoke: Deck              |       |     5 ||     5
  Use: Scroll            |       |     1 ||     1
 Stab: Sleeping          |     4 |     1 ||     5
Armor: Robe              |    20 |     6 ||    26
Dodge: Dodged            |   140 |    57 ||   197

Table legend:
 A = Spawn XP
 B = Non-spawn XP
 C = Spawn XP percentage of total XP
 D = Spawn monster count
 E = Non-spawn monster count
 F = Spawn count percentage of total count
 G = Total turns spent on level
                    A         B        C        D         E        F      G
               +---------+---------+-------+---------+---------+-------+---------
         Total |       0 |     437 |   0.0 |       0 |      81 |   0.0 |  3112
               +---------+---------+-------+---------+---------+-------+---------
           D:1 |       0 |      53 |   0.0 |       0 |      27 |   0.0 |  1247
           D:2 |       0 |      50 |   0.0 |       0 |      21 |   0.0 |   981
           D:3 |       0 |     249 |   0.0 |       0 |      24 |   0.0 |   708
           D:4 |       0 |      85 |   0.0 |       0 |       9 |   0.0 |   176
               +---------+---------+-------+---------+---------+-------+---------

Vault maps used:
D:1:      dpeg_arrival_simpleton_b
D:2:      chequers_ecumenical_altar_lobes, grunt_decor_arrowhead
D:3:      first_bread, uniq_natasha, uniq_terence

Table legend:
 A = Turns spent in this place as a percentage of turns spent in the entire game.
 B = Non-inter-level travel turns spent in this place as a percentage of non-inter-level travel turns spent in the entire game.
 C = Inter-level travel turns spent in this place as a percentage of turns spent in this place.
 D = Turns resting spent in this place as a percentage of non-inter-level travel turns spent in this place.
 E = Turns spent auto-exploring this place as a percentage of non-inter-level travel turns spent in this place.
 F = Non-inter-level travel turns spent in this place divided by the number of levels of this place that you've seen.
                   A       B       C       D       E      F
               +-------+-------+-------+-------+-------+----------------------
         Total | 100.0 | 100.0 |   3.1 |  27.8 |  47.7 | 754.0
       Dungeon | 100.0 | 100.0 |   3.1 |  27.8 |  47.7 | 754.0
               +-------+-------+-------+-------+-------+----------------------

Table legend:
 A = Kills in this place as a percentage of kills in entire the game.
 B = Kills by you in this place as a percentage of kills by you in the entire game.
 C = Kills by friends in this place as a percentage of kills by friends in the entire game.
 D = Other kills in this place as a percentage of other kills in the entire game.
 E = Experience gained in this place as a percentage of experience gained in the entire game.
 F = Experience gained in this place divided by the number of levels of this place that you have seen.
                   A       B       C       D       E      F
               +-------+-------+-------+-------+-------+----------------------
         Total | 100.0 | 100.0 | 100.0 |   N/A | 100.0 | 109.2
       Dungeon | 100.0 | 100.0 | 100.0 |   N/A | 100.0 | 109.2
               +-------+-------+-------+-------+-------+----------------------
